 Dungeon Crawl Stone Soup version 0.21.1-1-g345015f (webtiles) character file.

25885 homeworkjunkie the Severer (level 13, -2/117 HPs)
             Began as a Hill Orc Fighter on Feb 24, 2018.
             Was the Champion of Okawaru.
             Killed from afar by a smoke demon (6 damage)
             ... with a ball of steam
             ... summoned by an orc sorcerer
             ... on level 2 of the Orcish Mines.
             The game lasted 00:30:39 (12089 turns).

homeworkjunkie the Severer (Hill Orc Fighter)      Turns: 12089, Time: 00:30:40

Health: -2/117     AC: 22    Str: 23    XL:     13   Next: 22%
Magic:  17/17      EV: 13    Int:  8    God:    Okawaru [******]
Gold:   1167       SH: 13    Dex: 18    Spells: 12/12 levels left

rFire    + . .     SeeInvis .   a - +7 war axe
rCold    + . .     Gourm    .   E - +0 buckler {AC+3}
rNeg     + . .     Faith    .   j - +5 chain mail "Emuses" {rF+ rN+ Dex+4}
rPois    .         Spirit   .   l - +1 helmet
rElec    .         Reflect  +   k - scarf {repulsion}
rCorr    .         Harm     .   C - +0 pair of gloves {Dex+3}
MR       .....                  (no boots)
Stlth    ..........             F - +6 amulet of reflection
HPRegen  0.29/turn              u - ring of protection from cold
MPRegen  0.15/turn              B - ring of flight

@: about to teleport, slowed, studying Dodging, drained, repel missiles, very
slow
A: no striking features
a: Heroism, Finesse, Renounce Religion, Evoke Flight


You were on level 2 of the Orcish Mines.
You worshipped Okawaru.
Okawaru was exalted by your worship.
You were not hungry.

You visited 3 branches of the dungeon, and saw 14 of its levels.
You also visited: Ice Cave and Volcano.

You collected 1431 gold pieces.
You spent 264 gold pieces at shops.

Inventory:

Hand Weapons
 a - a +7 war axe (weapon)
 x - a +4 hand axe of flaming
Missiles
 h - 27 tomahawks (quivered)
Armour
 j - the +5 chain mail "Emuses" (worn) {rF+ rN+ Dex+4}
   (You found it on level 9 of the Dungeon)

   It affects your dexterity (+4).
   It protects you from fire.
   It protects you from negative energy.
 k - a scarf of repulsion (worn)
 l - a +1 helmet (worn)
 C - a +0 pair of gloves of dexterity (worn)
 E - a +0 buckler of protection (worn)
Jewellery
 r - an uncursed ring of fire
 u - a ring of protection from cold (left hand)
 B - a ring of flight (right hand)
 F - a +6 amulet of reflection (around neck)
 G - an uncursed ring of fire
Wands
 c - a wand of disintegration (8)
 v - a wand of iceblast (4)
 w - a wand of enslavement (7)
 y - a wand of polymorph (12)
 A - a wand of random effects (28)
Scrolls
 d - a scroll of fear
 g - 3 scrolls of immolation
 i - 4 scrolls of fog
 t - 10 scrolls of remove curse
 H - 2 scrolls of teleportation
Potions
 e - 2 potions of magic
 m - 2 potions of curing
 o - a potion of berserk rage
 p - 2 potions of mutation
 s - a potion of brilliance
 z - a potion of haste
 D - 4 potions of resistance
 I - a potion of might
Books
 q - a manual of Dodging
Comestibles
 f - 15 rations


   Skills:
 * Level 11.9(11.7) Fighting
 * Level 16.9(16.6) Axes
 * Level 8.8(8.6) Armour
 * Level 7.7(7.4) Dodging
 + Level 0.1(0.0) Stealth
 * Level 9.9(9.7) Shields
 * Level 5.8(5.6) Evocations


You had 12 spell levels left.
You didn't know any spells.

Dungeon Overview and Level Annotations

Branches:
Dungeon (11/15)            Temple (1/1) D:6            Lair (0/6) D:10
    Orc (2/2) D:10            Elf (0/3) Orc:2

Altars:
Ashenzari
Cheibriados
Dithmenos
Elyvilon
Fedhas
Gozag
Hepliaklqana
Kikubaaqudgha
Nemelex Xobeh
Okawaru
Qazlal
Ru
Sif Muna
Trog
Uskayaw
Vehumet
Wu Jian
Xom
Yredelemnul
Zin
The Shining One
Beogh

Shops:
D:8 =%[[:   D:9 :   Orc:2 :


Message History

* * * LOW HITPOINT WARNING * * *
The orange demon barely misses you.
The orc sorcerer hits you but does no damage.
The chaos spawn ululates chillingly with its many mouths.
The orc moves out of view.
The ogre mage closely misses you. You block the sun demon's attack.
The orange demon barely misses you. The smoke demon gestures at you.
Something smites you!
* * * LOW HITPOINT WARNING * * *
You slice the orc sorcerer!!
The orc sorcerer is severely wounded.
You barely miss the sun demon. You slash the smoke demon!
The ogre mage hits you but does no damage.
The orc sorcerer points at you and mumbles some strange words.
The bolt of negative energy is repelled.
The sun demon misses you.
The orange demon stings you but does no damage.
The smoke demon gestures at you. The ball of steam hits you! You resist.
You die...

..8§..4§.§8.. ###
§..≈≈...≈≈o.§ ##..
§...≈≈4≈≈..§§# #...
§..8.§≈≈.8.§§##### ##.#
#.....8.§...##≈≈≈# ##.#
#....o....##...≈≈ #...
#..o4O.o##..8### ####.#
.###'43###....._#≈≈# ###
.....)†o@.)......#.≈# #
.......3..)).....8.≈# #
..§§§§≈≈≈§..%......# #
...§#####§.....)..### #...
#...###)#'#≈# #≈.
.....≈##..)..§# #≈
.....≈##..8.§≈#
.∩..8.≈##≈)...≈#####
§###############≈)..≈≈≈##.#


You could see an ogre mage, a sun demon, an orange demon, a rust devil, a smoke
demon, a chaos spawn, 2 orc sorcerers and an orc wizard.

Vanquished Creatures
  A centaur warrior (Volcano)
  2 two-headed ogres
  Nergalle (Orc:2)
  A hell knight (Volcano)
  Pikel (D:5)
  The ghost of Setanta the Shield-Bearer, a novice GnFi (D:5)
  A necromancer (IceCv)
  5 orc knights
  3 orc sorcerers (Orc:2)
  2 ice statues (IceCv)
  2 molten gargoyles (Volcano)
  2 rime drakes (Orc:1)
  A kobold demonologist (D:9)
  5 ice devils (IceCv)
  A yaktaur (Volcano)
  4 trolls
  Grinder (D:3)
  A dream sheep (D:8)
  2 hippogriffs
  Sigmund (D:3)
  2 fire bats (Volcano)
  2 hogs (D:9)
  A human (D:9)
  A hungry ghost (D:10)
  5 yaks (D:9)
  2 wargs (Orc:2)
  A soldier ant (D:10)
  A water moccasin (D:9)
  Duvessa (D:5)
  3 sky beasts
  2 ice beasts
  A black bear (D:10)
  31 orc warriors
  3 slaves (D:5)
  4 necrophages (D:9)
  A hornet zombie (D:9)
  3 phantoms
  4 centaurs
  10 ogres
  16 big kobolds (D:9)
  11 bullfrogs
  A water moccasin zombie (D:11)
  Dowan (D:5)
  3 scorpions
  4 wights (D:7)
  4 howler monkeys
  2 crimson imps
  2 centaur zombies
  6 lava snakes (Volcano)
  2 draconian simulacra (IceCv)
  2 jellies (D:10)
  16 orc priests
  2 bullfrog skeletons
  4 hounds
  28 orc wizards
  2 centaur skeletons (D:9)
  4 iguanas
  7 worker ants
  Terence (D:3)
  2 troll simulacra (IceCv)
  A spriggan simulacrum (IceCv)
  A killer bee zombie (D:7)
  3 centaur simulacra (IceCv)
  A hound zombie (D:9)
  A howler monkey zombie (D:9)
  A worker ant zombie (D:7)
  11 gnolls
  16 adders
  2 naga simulacra (IceCv)
  4 shadow imps
  An adder zombie (D:7)
  An adder skeleton (D:7)
  5 worms
  3 leopard geckos
  71 orcs
  5 giant cockroaches
  3 goblins
  16 hobgoblins
  10 jackals
  7 quokkas
  2 ball pythons
  8 bats
  5 frilled lizards
  23 kobolds
  4 leopard gecko skeletons
  8 rats
  A bush (D:9)
450 creatures vanquished.

Vanquished Creatures (others)
  A centaur (Volcano)
  4 orc wizards (Orc:2)
  An orc (Orc:2)
  A plant (D:9)
7 creatures vanquished.

Grand Total: 457 creatures vanquished

Notes
Turn   | Place    | Note
-------+----------+-------------------------------------------
     0 | D:1      | homeworkjunkie the Hill Orc Fighter began the quest for the Orb.
     0 | D:1      | Reached XP level 1. HP: 19/19 MP: 1/1
   185 | D:2      | Reached XP level 2. HP: 27/27 MP: 2/2
   199 | D:2      | Found an opulent altar of Gozag.
   219 | D:2      | Found a snail-covered altar of Cheibriados.
   287 | D:2      | Reached skill level 3 in Axes
   382 | D:2      | Reached XP level 3. HP: 27/33 MP: 3/3
  1016 | D:2      | Reached skill level 4 in Axes
  1016 | D:2      | Reached XP level 4. HP: 32/40 MP: 4/4
  1234 | D:3      | Found a deep blue altar of Sif Muna.
  1314 | D:3      | Noticed Sigmund
  1349 | D:3      | Killed Sigmund
  1349 | D:3      | Reached skill level 5 in Axes
  1349 | D:3      | Reached XP level 5. HP: 14/47 MP: 5/5
  1349 | D:3      | Reached XP level 6. HP: 16/53 MP: 6/6
  1454 | D:3      | Reached skill level 6 in Axes
  1535 | D:3      | Noticed Grinder
  1545 | D:3      | Paralysed by Grinder for 2 turns
  1547 | D:3      | Killed Grinder
  1547 | D:3      | Reached skill level 5 in Fighting
  1547 | D:3      | Reached skill level 7 in Axes
  1547 | D:3      | Reached XP level 7. HP: 26/61 MP: 7/7
  1970 | D:3      | Noticed Terence
  1978 | D:3      | Killed Terence
  3124 | D:5      | Entered Level 5 of the Dungeon
  3293 | D:4      | Reached skill level 8 in Axes
  3293 | D:4      | Reached skill level 5 in Shields
  3367 | D:5      | Reached XP level 8. HP: 70/70 MP: 8/8
  3799 | D:5      | Noticed Setanta's ghost (novice GnFi)
  3802 | D:5      | Reached skill level 5 in Armour
  3821 | D:5      | Killed Setanta's ghost
  3821 | D:5      | Reached skill level 9 in Axes
  3821 | D:5      | Reached skill level 1 in Dodging
  4111 | D:5      | Reached skill level 10 in Axes
  4154 | D:5      | Noticed Dowan
  4157 | D:5      | Noticed Duvessa
  4167 | D:5      | Killed Duvessa
  4169 | D:5      | Killed Dowan
  4553 | D:5      | Noticed Pikel
  4573 | D:5      | Killed Pikel
  4573 | D:5      | Reached skill level 11 in Axes
  4573 | D:5      | Reached XP level 9. HP: 49/79 MP: 9/9
  5116 | D:7      | Reached skill level 12 in Axes
  5143 | D:6      | Found a staircase to the Ecumenical Temple.
  5710 | Temple   | Entered the Ecumenical Temple
  6140 | D:7      | Found a hide-covered altar of Uskayaw.
  6141 | D:7      | Found a white marble altar of Elyvilon.
  6143 | D:7      | Found a shimmering altar of Xom.
  6223 | D:7      | Reached XP level 10. HP: 85/88 MP: 10/10
  6441 | D:7      | Found a glowing golden altar of the Shining One.
  6617 | D:8      | Found an iron altar of Okawaru.
  6624 | D:8      | Became a worshipper of Warmaster Okawaru
  6696 | D:8      | Reached skill level 1 in Evocations
  6829 | D:9      | Found Dokku's Book Shop.
  6847 | D:10     | Entered Level 10 of the Dungeon
  6870 | D:8      | Found Fusiuly's Food Boutique.
  6887 | D:8      | Found Qiaroso's Armour Shoppe.
  6887 | D:8      | Found Coto's Book Shop.
  6898 | D:8      | Bought a +0 pair of gloves of dexterity for 149 gold pieces
  6981 | D:8      | Noticed a two-headed ogre
  6983 | D:8      | a two-headed ogre changed into a dream sheep
  6985 | D:8      | Reached * piety under Okawaru
  6987 | D:8      | Found Loimees's Armour Emporium.
  6990 | D:8      | Bought a +0 buckler of protection for 115 gold pieces
  7077 | D:8      | Found Izuss's Jewellery Shoppe.
  7229 | D:8      | Found a hazy altar of Hepliaklqana.
  7341 | D:9      | Reached skill level 13 in Axes
  7656 | D:9      | Reached ** piety under Okawaru
  7660 | D:9      | Reached skill level 5 in Dodging
  7726 | D:9      | Reached XP level 11. HP: 57/97 MP: 13/13
  7849 | D:9      | Reached skill level 14 in Axes
  7869 | D:9      | Reached *** piety under Okawaru
  7915 | D:9      | Got a brightly glowing chain mail
  7916 | D:9      | Identified the +5 chain mail "Emuses" {rF+ rN+ Dex+4} (You found it on level 9 of the Dungeon)
  7966 | D:9      | Found a blossoming altar of Fedhas.
  8399 | D:10     | Reached **** piety under Okawaru
  8696 | D:10     | Reached skill level 15 in Axes
  8720 | D:10     | Found a staircase to the Orcish Mines.
  8843 | D:10     | Found a staircase to the Lair.
  8992 | Orc:1    | Entered Level 1 of the Orcish Mines
  8992 | Orc:1    | Found a roughly hewn altar of Beogh.
  8994 | Orc:1    | Noticed a two-headed ogre
  8996 | Orc:1    | Noticed an orc knight
  9006 | Orc:1    | Found a frozen archway.
  9010 | Orc:1    | Reached ***** piety under Okawaru
  9015 | IceCv    | Entered an ice cave
  9090 | IceCv    | Reached skill level 10 in Fighting
  9275 | IceCv    | Noticed a necromancer
  9276 | IceCv    | Found the +3 Elemental Staff {rElec rF++ rC++ MR++ AC+5}
  9288 | IceCv    | Killed a necromancer
  9478 | IceCv    | Reached XP level 12. HP: 96/106 MP: 15/15
  9559 | Orc:1    | Received a gift from Okawaru
  9564 | Orc:1    | Killed a two-headed ogre
  9585 | Orc:1    | Reached skill level 16 in Axes
  9803 | Orc:2    | Entered Level 2 of the Orcish Mines
  9881 | Orc:2    | Found a staircase to the Elven Halls.
 10005 | Orc:2    | Found a dark tunnel.
 10015 | Volcano  | Entered a volcano
 10458 | Volcano  | Found a radiant altar of Vehumet.
 10458 | Volcano  | Noticed a centaur warrior
 10465 | Volcano  | Killed a centaur warrior
 10492 | Volcano  | Reached ****** piety under Okawaru
 10492 | Volcano  | Reached skill level 5 in Evocations
 10515 | Volcano  | Received a gift from Okawaru
 10518 | Volcano  | Got a steaming ring mail {god gift}
 10875 | Orc:2    | Identified the +5 ring mail of Roybe {rC+ Str-4 SInv} (Okawaru gifted it to you in a volcano)
 11795 | Orc:2    | Noticed a two-headed ogre
 11806 | Orc:2    | Killed a two-headed ogre
 11806 | Orc:2    | Reached XP level 13. HP: 116/116 MP: 17/17
 11912 | Orc:2    | Paralysed by an orc sorcerer for 4 turns
 12032 | Orc:2    | Noticed Nergalle
 12034 | Orc:2    | Found an ancient bone altar of Kikubaaqudgha.
 12049 | Orc:2    | Killed Nergalle
 12065 | Orc:2    | Found Paisk's Book Emporium.
 12076 | Orc:2    | Noticed an ogre mage
 12078 | Orc:2    | Found a roughly hewn altar of Beogh.
 12079 | Orc:2    | Paralysed by an orc sorcerer for 7 turns
 12088 | Orc:2    | HP: 4/117 [smoke demon/divine providence[an orc sorcerer] (12)]
 12089 | Orc:2    | Killed from afar by a smoke demon

Skill      XL: |  1  2  3  4  5  6  7  8  9 10 11 12 |
---------------+-------------------------------------+-----
Axes           | 3 4 5 7 8 11 12 13 15 16 | 16.9
Fighting       | 4 5 7 9 10 11 | 11.9
Armour         | 4 5 6 7 8 |  8.8
Shields        | 4 5 6 7 8 9 |  9.9
Dodging        | 2 4 5 6 7 |  7.7
Evocations     | 2 4 5 |  5.8
Stealth        | |  0.1

Action                   |  1- 3 |  4- 6 |  7- 9 | 10-12 | 13-15 || total
-------------------------+-------+-------+-------+-------+-------++-------
Melee: War axe           |   132 |    83 |   332 |   799 |    75 ||  1421
Invok: Heroism           |       |       |       |     1 |       ||     1
Evoke: Wand              |       |       |       |    12 |     9 ||    21
  Use: Scroll            |     6 |     3 |     7 |    12 |     1 ||    29
       Potion            |     2 |     5 |     2 |     4 |     2 ||    15
  Eat: Ration            |       |     2 |     5 |     4 |       ||    11
       Chunk             |       |       |     1 |     1 |       ||     2
Armor: Scale mail        |    72 |    37 |    55 |       |       ||   164
       Plate armour      |       |       |    59 |   103 |       ||   162
       Chain mail        |       |       |       |   138 |    29 ||   167
Dodge: Dodged            |    44 |    38 |    76 |   192 |    26 ||   376
       Deflected         |       |       |     3 |    10 |     3 ||    16
Block: Shield            |    78 |    50 |   144 |    47 |       ||   319
       Buckler           |       |       |       |   299 |    38 ||   337
       Reflection        |       |       |       |    13 |       ||    13
